 Dungeon Crawl Stone Soup version 0.27-a0-650-g8dd3ea4f36 (webtiles) character file.

Game seed: 13741500558106368316

20 rednaxela the Sneak (level 2, -2/28 HPs)
             Began as a Naga Monk on Mar 15, 2021.
             Slain by a kobold
             ... wielding a +2 dagger of electrocution
              (3 damage)
             ... on level 1 of the Dungeon.
             The game lasted 00:02:39 (716 turns).

rednaxela the Sneak (Naga Monk)                      Turns: 716, Time: 00:02:39

Health: -2/28      AC:  1    Str: 13    XL:     2   Next: 79%
Magic:  2/2        EV: 10    Int: 10    God:
Gold:   11         SH:  0    Dex: 13    Spells: 1/1 levels left

rFire    . . .     SeeInvis +     - Unarmed
rCold    . . .     Faith    .   (no shield)
rNeg     . . .     Spirit   .   a - +0 robe
rPois    +         Reflect  .   (no helmet)
rElec    .         Harm     .   (no cloak)
rCorr    .         Rampage  .   (no gloves)
Will     .....                  (no barding)
Stlth    ++........             (no amulet)
HPRegen  0.09/turn              (no ring)
MPRegen  0.08/turn              (no ring)

@: very slow
A: AC +0, large, see invisible, deformed body, poison resistance, slowness 2,
spit poison 1, naga tail 1
a: Spit Poison


You were on level 1 of the Dungeon.
You visited 1 branch of the dungeon, and saw 2 of its levels.

You collected 11 gold pieces.

Inventory:

Missiles
 c - 43 stones (quivered)
Armour
 a - a +0 robe (worn)
Jewellery
 b - a ring of ice
   (You found it on level 2 of the Dungeon)
 e - a +4 ring of protection
   (You found it on level 1 of the Dungeon)
Scrolls
 d - a scroll of fog {unknown}
Potions
 f - a potion of lignification {unknown}


   Skills:
 - Level 3.2 Fighting
 - Level 2.6 Dodging
 - Level 3.4 Stealth
 + Level 3.3 Unarmed Combat


You had one spell level left.
You didn't know any spells.
Your spell library was empty.

Dungeon Overview and Level Annotations

Branches:
Dungeon (2/15)

Altars:


Innate Abilities, Weirdness & Mutations

Your serpentine skin is tough. (AC +0)
You have supernaturally acute eyesight. (SInv)
Armour fits poorly on your strangely shaped body.
Your system is resistant to poisons. (rPois)
You cover ground very slowly.
You can spit poison.
You have a snake-like lower body.


Message History

A hobgoblin comes into view. It is wielding a +0 club.
Press: ? - help, Shift-Dir - straight line, f - jackal
Aim: a jackal (asleep)
The splash of poison hits the jackal.
You kill the jackal!
The hobgoblin shouts!
You have got your breath back.
Press: ? - help, Shift-Dir - straight line, f - hobgoblin
Aim: a hobgoblin, wielding a +0 club The splash of poison hits the hobgoblin.
The hobgoblin is heavily wounded.
You barely miss the hobgoblin.
The hobgoblin is heavily wounded.
The hobgoblin closely misses you.
You hit the hobgoblin.
The hobgoblin is severely wounded.
The hobgoblin barely misses you.
You barely miss the hobgoblin.
The hobgoblin is severely wounded.
The hobgoblin barely misses you.
You closely miss the hobgoblin.
The hobgoblin is severely wounded.
You closely miss the hobgoblin.
The hobgoblin is severely wounded.
The hobgoblin misses you.
You completely miss the hobgoblin.
The hobgoblin is heavily wounded.
You have got your breath back.
The hobgoblin hits you with a +0 club.
You hit the hobgoblin.
You kill the hobgoblin!
You see here a +0 club.
You start resting.
HP restored.
Found a scroll labelled WECZYM LONO and a cabochon ring.
c - 38 stones (gained 17)
d - a scroll labelled WECZYM LONO A kobold comes into view.
It is wielding a +0 mace.
You see here a +4 ring of protection.
e - a +4 ring of protection The kobold shouts!
The kobold throws a stone.
The stone closely misses you.
Press: ? - help, Shift-Dir - straight line, f - kobold
Aim: a kobold, wielding a +0 mace and quivering stones The splash of poison misses the kobold.
The kobold barely misses you. The kobold hits you with a +0 mace.
You see here a smoky amethyst potion.
You hit the kobold.
The kobold is heavily wounded.
The kobold hits you with a +0 mace!
* * * LOW HITPOINT WARNING * * *
You hit the kobold.
The kobold is severely wounded.
You hit the kobold.
You kill the kobold!
c - 43 stones (gained 5)
You now have 11 gold pieces.
Things that are here:
a +0 mace; a jackal corpse You have got your breath back.
f - a smoky amethyst potion You start resting.
HP restored.
A hobgoblin is nearby!
A hobgoblin is nearby!
Press: ? - help, Shift-Dir - straight line, f - hobgoblin
Aim: a hobgoblin, wielding a +0 club (wandering, hasn't noticed you)
The splash of poison hits the hobgoblin.
The hobgoblin is poisoned.
You kill the hobgoblin!
You have got your breath back.
The dart slug launches a dart at you. The slug dart misses you.
Press: ? - help, Shift-Dir - straight line, f - kobold
Aim: a kobold, wielding a +2 dagger of electrocution and wearing an amulet of regeneration The splash of poison misses the kobold.
You barely miss the kobold.
The kobold hits you with a +2 dagger of electrocution.
You are electrocuted!
Ouch! That really hurt!
* * * LOW HITPOINT WARNING * * *
You closely miss the kobold.
The kobold hits you with a +2 dagger of electrocution.
* * * LOW HITPOINT WARNING * * *
Press: ? - help, v - describe, . - travel
Here: a kobold, wielding a +2 dagger of electrocution and wearing an amulet of regeneration The floor.
Okay, then.
You closely miss the kobold.
The kobold hits you with a +2 dagger of electrocution.
* * * LOW HITPOINT WARNING * * *
You hit the kobold.
The kobold is severely wounded.
The kobold hits you with a +2 dagger of electrocution.
* * * LOW HITPOINT WARNING * * *
You hit the kobold but do no damage.
The kobold is severely wounded.
You have got your breath back.
The kobold hits you with a +2 dagger of electrocution.
You die...

.... #....###........##.#.#
#.. #....##......).......#
#..#w...##..###.#####.###
####..#....##..#.......#.#
.................)..>#.#.#
###...#....##....#####÷#)#
......K....###.### #.#.#
..)$.....####.###.#.#####.#.#
$....... #..wK@.#)...)).#(#
....... #..#####.#####.#.#
..$... #......#)##......#
..... #......?.##.###### #..#
#..###.hg...# #''### #..#
#####..# ≈..≈§### #..# ..#
≈..≈≈§§## #.. ... ≈..≈#≈§§#
####


You could see a dart slug and a kobold.

Vanquished Creatures
  A bat (D:1)
  2 giant cockroaches (D:2)
  5 hobgoblins
  4 jackals (D:1)
  A frilled lizard (D:1)
  A goblin (D:1)
  2 kobolds (D:1)
16 creatures vanquished.

Notes
Turn   | Place    | Note
-------+----------+-------------------------------------------
     0 | D:1      | rednaxela the Naga Monk began the quest for the Orb.
     0 | D:1      | Reached XP level 1. HP: 21/21 MP: 1/1
   277 | D:1      | Reached XP level 2. HP: 25/28 MP: 2/2
   715 | D:1      | HP: 1/28 [kobold/+2 dagger of electrocution (1)]
   716 | D:1      | Slain by a kobold

Illustrated notes

Levels and vault maps discovered:
D:1:      lightli_molten_gateway, layout_basic, minmay_three_crescents
D:2:      layout_loops_corners, nicolae_dithmenos_shadow_blocks,
          item_on_display_a

Action                   || total
-------------------------++-------
Melee: Unarmed           ||    46
 Abil: Spit Poison       ||    16
 Stab: Sleeping          ||     1
Armor: Robe              ||     7
Dodge: Dodged            ||    44

Table legend: (Time is in decaauts)
 A = Elapsed time spent in this place.
 B = Non-inter-level travel time spent in this place.
 C = Inter-level travel time spent in this place.
 D = Time resting spent in this place.
 E = Time spent auto-exploring this place.
 F = Levels seen in this place.
 G = Mean time per level.
                   A        B        C        D        E       F      G
               +--------+--------+--------+--------+--------+-----+--------+
         Total |    768 |    768 |      0 |    483 |     43 |   2 |  384.0 |
       Dungeon |    768 |    768 |      0 |    483 |     43 |   2 |  384.0 |
               +--------+--------+--------+--------+--------+-----+--------+

Top non-repeatable levels by time:
     D:1: 452 daAuts
     D:2: 315 daAuts
